 Dungeon Crawl Stone Soup version 0.26.0-10-g1f06aea511 (webtiles) character file.

Game seed: 16902621018506685085

176 UristMcRaven the Conjurer (level 5, 0/39 HPs)
             Began as a Vine Stalker Conjurer on Jan 17, 2021.
             Succumbed to Ijyb's poison
             ... on level 3 of the Dungeon.
             The game lasted 00:06:36 (3279 turns).

UristMcRaven the Conjurer (Vine Stalker Conjurer)   Turns: 3279, Time: 00:06:37

Health: 0/39       AC: 22    Str: 10    XL:     5   Next: 56%
Magic:  1/10       EV:  2    Int: 19    God:
Gold:   118        SH:  0    Dex: 12    Spells: 7/10 levels left

rFire    + . .     SeeInvis .   (no weapon)
rCold    . . .     Faith    .   (no shield)
rNeg     + + +     Spirit   +   (armour currently unavailable)
rPois    +         Reflect  .   (helmet currently unavailable)
rElec    .         Harm     .   (cloak currently unavailable)
rCorr    .         Rampage  .   (gloves currently unavailable)
Will     .....     NoTele   +   (boots currently unavailable)
Stlth    ++........             l - amulet of magic regeneration
HPRegen  0.53/turn              g - ring of protection from fire
MPRegen  0.37/turn              (no ring)

@: lethally poisoned (0 -> -9), tree-form
A: regeneration 1, magic shield, no potion heal 3
a: no special abilities


You were on level 3 of the Dungeon.
You were a tree.
You visited 1 branch of the dungeon, and saw 4 of its levels.

You collected 118 gold pieces.

Inventory:

Missiles
 h - 124 stones (quivered)
Armour
 a - a +0 robe (melded)
 n - a +2 helmet (melded)
 u - a cursed +0 robe
Jewellery
 g - a ring of protection from fire (left branch)
 l - an amulet of magic regeneration (around neck)
Scrolls
 b - 3 scrolls of magic mapping
 c - 3 scrolls of amnesia {unknown}
 e - 3 scrolls of remove curse {@r2}
 i - 2 scrolls of fog {unknown}
 m - a scroll of enchant armour {unknown}
 p - a scroll of blinking {unknown}
 q - a scroll of noise {unknown}
 v - a scroll of teleportation {unknown}
 x - a scroll of random uselessness {unknown}
Potions
 d - a potion of cancellation {unknown}
 f - a potion of lignification
 k - a potion of berserk rage {unknown}
 o - a potion of might {unknown}
 s - a potion of flight {unknown}
 t - 2 potions of haste {!q}
 w - a potion of magic {unknown}


   Skills:
 + Level 2.0 Fighting
 + Level 2.5 Dodging
 - Level 3.0 Stealth
 + Level 3.3 Spellcasting
 + Level 4.7 Conjurations


You had 7 spell levels left.
You knew the following spells:

 Your Spells              Type           Power        Failure   Level
a - Magic Dart            Conj           84%          1%          1
c - Searing Ray           Conj           42%          3%          2

Your spell library contained the following spells:

 Spells                   Type           Power        Failure   Level
 Dazzling Flash           Conj/Hex       24%          17%         3
 Fulminant Prism          Conj/Hex       6%           50%         4
 Iskenderun's Mystic Bla  Conj/Tloc      12%          50%         4


Dungeon Overview and Level Annotations

Branches:
Dungeon (4/15)
 Temple: D:4-7

Altars:
Gozag

Annotations:
D:3 Ijyb


Innate Abilities, Weirdness & Mutations

((You have extremely sharp teeth.))
Your natural rate of healing is unusually fast.
When hurt, damage is shared between your health and your magic reserves.
((Your bite disrupts and absorbs the magic of your enemies.))
Potions cannot restore your health.


Message History

Ijyb is moderately wounded.
Ijyb hits you but does no damage.
You are lethally poisoned!
You hit Ijyb.
Ijyb is moderately wounded.
* * * LOW HITPOINT WARNING * * *
You feel sick.
Ijyb grins evilly.
Ijyb zaps a wand.
The puff of flame hits you. You resist.
* * * LOW HITPOINT WARNING * * *
Okay, then.
Okay, then.
You hit Ijyb but do no damage.
Ijyb is moderately wounded.
* * * LOW HITPOINT WARNING * * *
You feel sick. Ijyb hits you but does no damage.
You are more poisoned.
You hit Ijyb.
Ijyb is heavily wounded.
You die...

##############
#............#
#########.......g....#
........'.......♣....#
....##.##......).....#
....##.##...........[#
....##.#########'#####
....+.....# #.#
....##.##.# #.#
#.......#.# #.#
##.###..#.# #.#
##.#<...#.# #.#


You could see Ijyb.

Vanquished Creatures
  An iguana (D:4)
  Robin (D:2)
  4 adders
  3 oozes
  4 worms
  2 dart slugs
  3 leopard geckos
  2 orcs (D:3)
  8 bats
  15 goblins
  7 hobgoblins
  5 jackals
  A frilled lizard (D:2)
  6 kobolds
  9 rats
71 creatures vanquished.

Notes
Turn   | Place    | Note
-------+----------+-------------------------------------------
     0 | D:1      | UristMcRaven the Vine Stalker Conjurer began the quest for
                  | the Orb.
     0 | D:1      | Reached XP level 1. HP: 9/9 MP: 4/4
   341 | D:1      | Reached XP level 2. HP: 14/14 MP: 0/6
   344 | D:1      | Learned a level 2 spell: Searing Ray
   930 | D:1      | Reached XP level 3. HP: 17/17 MP: 5/7
  1303 | D:2      | Reached skill level 1 in Fighting
  1579 | D:2      | Gained mutation: Your natural rate of healing is unusually
                  | fast. [Vine Stalker growth]
  1579 | D:2      | Reached XP level 4. HP: 22/22 MP: 5/9
  1650 | D:2      | Noticed Robin
  1667 | D:2      | Killed Robin
  1906 | D:2      | Found an opulent altar of Gozag.
  2284 | D:2      | Reached XP level 5. HP: 26/26 MP: 6/10
  3236 | D:4      | Noticed Ijyb
  3278 | D:3      | HP: 1/39 [poisoned by Ijyb]
  3279 | D:3      | Succumbed to Ijyb's poison

Illustrated notes

Levels and vault maps discovered:
D:1:      dpeg_arrival_round_b, layout_basic
D:2:      layout_loops_ring, overflow_temple_1_default, uniq_robin
D:3:      layout_basic, eino_curves_03
D:4:      kennysheep_the_goblin_king, layout_basic, nzn_wu_jian_contemplation,
          portal_sewer_entry_a, serial_shops, nicolae_shop_behind_doors,
          kennysheep_mini, nicolae_shop_crystal, shop_fountains,
          grunt_ministairs_3, hex_tiny, nicolae_ru_awakened_eye, uniq_natasha,
          uniq_blork_the_orc

Skill      XL: |  1  2  3  4  5 |
---------------+----------------+-----
Stealth        | 3 |  3.0
Fighting       | 1 2 |  2.0
Dodging        | 2 |  2.5
Spellcasting   | 3 |  3.3
Conjurations   | |  4.7

Action                   |  1- 3 |  4- 6 || total
-------------------------+-------+-------++-------
Melee: Unarmed           |     1 |    24 ||    25
       Bite              |       |     3 ||     3
Throw: Stone             |       |    15 ||    15
 Cast: Magic Dart        |    27 |     8 ||    35
       Searing Ray       |    13 |    43 ||    56
  Use: Scroll            |       |     5 ||     5
       Potion            |       |     4 ||     4
Armor: Robe              |     3 |    15 ||    18
       Skin              |       |     5 ||     5
Dodge: Dodged            |    26 |    42 ||    68
